 Dungeon Crawl Stone Soup version 0.29.1-12-g30fa7ad0bf (webtiles) character file.

Game seed: 11902787057231906985

98 zlionsfan the Chiller (level 4, -1/33 HPs)
             Began as a Draconian Ice Elementalist on Jan 14, 2023.
             Killed by divine providence
             ... invoked by an orc priest
              (12 damage)
             ... on level 3 of the Dungeon.
             The game lasted 00:08:45 (2577 turns).

zlionsfan the Chiller (Draconian Ice Elementalist)  Turns: 2577, Time: 00:08:47

Health: -1/33      AC:  5    Str: 10    XL:     4   Next: 44%
Magic:  8/8        EV: 12    Int: 24    God:
Gold:   112        SH:  0    Dex: 11    Spells: 2/9 levels left

rFire   . . .      SeeInvis .   q - +2 spear (venom)
rCold   . . .      Faith    .   (no shield)
rNeg    . . .      Spirit   .   (body armour unavailable)
rPois   .          Reflect  .   (helmet restricted)
rElec   .          Harm     .   (no cloak)
rCorr   .          Rampage  .   (no gloves)
Will    .....                   (no boots)
Stlth   ++........              (no amulet)
HPRegen 0.11/turn               p - +6 ring of intelligence
MPRegen 0.11/turn               t - +4 ring of slaying

@: no status effects
A: AC +5, unfitting armour, cold-blooded
a: no special abilities


You were on level 3 of the Dungeon.
You visited 1 branch of the dungeon, and saw 3 of its levels.

You collected 112 gold pieces.

Inventory:

Hand Weapons
 g - a +0 short sword
 q - a +2 spear of venom (weapon)
Missiles
 v - a silver javelin (quivered)
Jewellery
 m - a +4 ring of protection
 p - a +6 ring of intelligence (left hand)
 t - a +4 ring of slaying (right hand)
Scrolls
 e - 2 scrolls of noise {unknown}
 h - 2 scrolls of teleportation {unknown}
 i - a scroll of acquirement {unknown}
 r - 2 scrolls of identify {unknown}
 s - a scroll of vulnerability {unknown}
Potions
 a - a potion of magic
 b - a potion of degeneration {unknown}
 c - a potion of attraction {unknown}
 d - a potion of cancellation {unknown}
 f - a potion of haste {unknown}
 j - a potion of mutation {unknown}
 k - 2 potions of heal wounds {unknown}
 l - a potion of ambrosia {unknown}
 n - a potion of curing {unknown}
 o - a potion of flight {unknown}
 u - a potion of resistance {unknown}


   Skills:
 + Level 0.3 Short Blades
 * Level 0.3 Polearms
 + Level 1.9 Dodging
 + Level 2.1 Stealth
 + Level 3.2 Spellcasting
 * Level 4.9 Ice Magic


You had 2 spell levels left.
You knew the following spells:

 Your Spells              Type           Power      Damage    Failure   Level
a - Freeze                Ice            100%       1d11      1%          1
b - Frozen Ramparts       Ice            54%        1d9       4%          3
c - Ozocubu's Armour      Ice            27%        N/A       4%          3

Your spell library contained the following spells:

 Spells                   Type           Power      Damage    Failure   Level
 Hailstorm                Conj/Ice       15%        3d5       36%         4


Dungeon Overview and Level Annotations

Branches:
Dungeon (3/15)

Altars:
Fedhas


Innate Abilities, Weirdness & Mutations

Your plain brown scales are hard. (AC +5)
You cannot fit into any form of body armour.
You are cold-blooded and may be slowed by cold attacks.


Message History

Throw: 5 javelins (silver)
Press: ? - help, Q - select action, (/) - cycle Shift-Dir - straight line, f - orc priest
Aim: an orc priest, wielding a +0 club (asleep, 98% to hit)
You throw a silver javelin.
The silver javelin pierces through the orc priest.
The orc priest is heavily wounded.
The orc shouts!
The orc priest invokes the aid of Beogh against you.
Beogh smites you!
An orc comes into view. It is wielding a +0 flail.
Throw: 4 javelins (silver)
Press: ? - help, Q - select action, (/) - cycle Shift-Dir - straight line, f/p - orc priest
Aim: an orc priest, wielding a +0 club (heavily wounded, 60% to hit)
You throw a silver javelin. The orc shouts!
The silver javelin pierces through the orc priest.
The orc priest is severely wounded.
An orc priest comes into view. It is wielding a +0 club.
Throw: 3 javelins (silver)
Press: ? - help, Q - select action, (/) - cycle Shift-Dir - straight line, f - orc priest, p - orc priest
Aim: an orc priest, wielding a +0 club (wandering, hasn't noticed you, 60% to hit)
You throw a silver javelin.
The silver javelin closely misses the orc priest.
The silver javelin closely misses the orc priest.
The orc priest shouts!
The orc priest miscasts a cantrip.
The orc priest invokes the aid of Beogh against you.
Beogh smites you!
Throw: 2 javelins (silver)
Press: ? - help, Q - select action, (/) - cycle Shift-Dir - straight line, f/p - orc priest
Aim: an orc priest, wielding a +0 club (60% to hit)
You throw a silver javelin.
The silver javelin pierces through the orc.
The orc is almost dead.
The silver javelin closely misses the orc.
The silver javelin closely misses the orc priest. x2
The orc hits you but does no damage.
The orc priest calls down the wrath of Beogh upon you.
Beogh smites you!
You die...

. .. #.### .# ######
...... .# #....# ......
#.# #)...# (o....#
###.####....# ..oo...##
#......#....#
......o.###......#....##
#@..#......#......
#..........#....##
#.##.....).##.#...
#.##.......##.#.##
#.###..######.#.#.
##.####'### #.#.#.
#.........####.#.#.
#............#.#.##
#.........##...#...


You could see 2 orc priests and 2 orcs.

Vanquished Creatures
  Robin (D:3)
  An adder (D:2)
  A dart slug (D:3)
  11 endoplasms
  5 giant cockroaches
  13 goblins
  4 hobgoblins
  A quokka (D:1)
  5 ball pythons
  7 bats
  4 frilled lizards
  7 kobolds
  10 rats
70 creatures vanquished.

Notes
Turn   | Place    | Note
-------+----------+-------------------------------------------
     0 | D:1      | zlionsfan the Draconian Ice Elementalist began the quest
                  | for the Orb.
     0 | D:1      | Reached XP level 1. HP: 14/14 MP: 3/3
   400 | D:1      | Reached XP level 2. HP: 13/20 MP: 1/5
  1035 | D:1      | Reached XP level 3. HP: 19/26 MP: 0/6
  1119 | D:1      | Learned a level 3 spell: Frozen Ramparts
  2198 | D:3      | Learned a level 3 spell: Ozocubu's Armour
  2235 | D:3      | Noticed Robin
  2239 | D:3      | Reached XP level 4. HP: 32/33 MP: 6/8
  2251 | D:3      | Killed Robin
  2440 | D:3      | Found a blossoming altar of Fedhas.
  2577 | D:3      | Killed from afar by an orc priest

Illustrated notes

Levels and vault maps discovered:
D:1:      dpeg_arrival_rooms_with_view, layout_loops_cross
D:2:      layout_loops_cross
D:3:      layout_basic, lemuel_round_altar, shapermc_ecumenical_altar_gd,
          minmay_hedge_maze, st_stairs_4, minmay_statues_item,
          amcnicky_altar_lugonu_corruption, uniq_robin

Skill      XL: |  1  2  3  4 |
---------------+-------------+-----
Stealth        | 2 |  2.1
Spellcasting   | 3 |  3.2
Short Blades   | |  0.3
Polearms       | |  0.3
Dodging        | |  1.9
Ice Magic      | |  4.9

Action                   |  1- 3 |  4- 6 || total
-------------------------+-------+-------++-------
Melee: Unarmed           |     2 |       ||     2
       Short sword       |     9 |       ||     9
       Spear             |    10 |    16 ||    26
       Tailslap          |     3 |     1 ||     4
Throw: Javelin           |       |     4 ||     4
 Cast: Freeze            |    67 |     6 ||    73
       Frozen Ramparts   |       |     1 ||     1
 Stab: Sleeping          |     6 |     2 ||     8
Armor: Skin              |    15 |     1 ||    16
Dodge: Dodged            |    25 |     3 ||    28
